 Dungeon Crawl Stone Soup version 0.31.0-32-g396128a36d (webtiles) character file.

Game seed: 12676991863582327733

7 mainiacjoe the Apothecary (level 2, 17/17 HPs)
             Began as an Octopode Alchemist on Mar 24, 2024.
             Was an Initiate of Yredelemnul.
             Quit the game on level 1 of the Dungeon.
             The game lasted 00:01:58 (312 turns).

mainiacjoe the Apothecary (Octopode Alchemist)       Turns: 312, Time: 00:01:59

Health: 17/17      AC:  1    Str:  7    XL:     2   Next: 4%
Magic:  5/5        EV: 13    Int: 17    God:    Yredelemnul [......]
Gold:   45         SH:  0    Dex: 12    Spells: 4/5 levels left

rFire   . . .        d - +0 dagger
rCold   . . .        (no shield)
rNeg    . . .        (helmet restricted)
rPois   .            (no amulet)
rElec   .            (no ring)
rCorr   .            (no ring)
SInv    .            (no ring)
Will    .....        (no ring)
Stlth   +++          (no ring)
HPRegen 0.22/turn    (no ring)
MPRegen 0.09/turn    (no ring)
                     (no ring)

%: no passive effects
@: no status effects
A: almost no armour, amphibious, 8 rings, camouflage 1, gelatinous body 1,
(nimble swimmer 1), tentacles
a: Renounce Religion, Recall Undead Harvest


You were on level 1 of the Dungeon.
You worshipped Yredelemnul.
Yredelemnul was noncommittal.
You visited 1 branch of the dungeon, and saw 1 of its levels.

You collected 45 gold pieces.

Inventory:

Hand Weapons
 d - a +0 dagger (weapon)
Scrolls
 c - a scroll of vulnerability {unknown}
Potions
 a - a potion of magic
 b - a potion of might {unknown}


   Skills:
 - Level 2.0 Dodging
 - Level 2.7 Stealth
 - Level 2.0 Spellcasting
 + Level 1.2 Conjurations
 + Level 0.5 Air Magic
 * Level 3.6 Alchemy


You had 4 spell levels left.
You knew the following spells:

 Your Spells              Type           Power      Damage    Failure   Level
a - Sting                 Conj/Alch      36%        1d5       7%          1

Your spell library contained the following spells:

 Spells                   Type           Power      Damage    Failure   Level
 Mercury Vapours          Alch/Air       16%        N/A       13%         2
 Mephitic Cloud           Conj/Alch/Air  7%         N/A       28%         3
 Olgreb's Toxic Radiance  Alch           13%        N/A       41%         4
 Sticky Flame             Fire/Alch      7%         2d4       67%         4


Dungeon Overview and Level Annotations

Branches:
Dungeon (1/15)

Altars:
Yredelemnul


Innate Abilities, Weirdness & Mutations

You cannot wear most types of armour.
You are amphibious.
You can wear up to eight rings at the same time.
Your skin changes colour to match your surroundings (Stealth+).
Your rubbery body absorbs attacks. (AC +1, EV +1)
((You are camouflaged when in or above water. (Stealth+)))
You have tentacles for arms and can constrict up to eight enemies at once.


Message History

You kill the endoplasm!
A kobold and a quokka come into view.
The dart slug launches a dart at you. The slug dart hits you.
You see here a +0 dagger.
d - a +0 dagger
There is a stone staircase leading down here.
Found 7 gold pieces.
A kobold comes into view. It is wielding a +0 dagger.
You see here 7 gold pieces.
Casting: Sting (safe; 8% risk of failure)
Confirm with . or Enter, or press ? or * to list all spells.
Aiming: Sting (safe; 8% risk of failure)
Press: ? - help, Shift-Dir - straight line, f - kobold
Aim: a kobold, wielding a +0 dagger (60% to hit)
The sting misses the kobold.
Casting: Sting (safe; 8% risk of failure)
Confirm with . or Enter, or press ? or * to list all spells.
Aiming: Sting (safe; 8% risk of failure)
Press: ? - help, Shift-Dir - straight line, f/p - kobold
Aim: a kobold, wielding a +0 dagger (60% to hit)
The sting hits the kobold.
The kobold is poisoned.
You kill the kobold!
You have reached level 2!
You are already empty-tentacled.
Things that are here:
a +0 dagger; a kobold corpse
Okay, then.
d - a +0 dagger (weapon)
You now have 33 gold pieces (gained 7).
You now have 45 gold pieces (gained 12).
Found a stone staircase leading down.
Found a faded altar of an unknown god.
No target in view!
There is a faded altar of an unknown god here.
This altar belongs to (a) Sif Muna, (b) Hepliaklqana or (c) Yredelemnul, but you can't tell which.
Press the corresponding letter to learn more about a god, or press enter to convert or escape to cancel.
Yredelemnul accepts your prayer! Yredelemnul welcomes you!
You can now reap souls.
You can now recall your undead harvest.
Are you sure you want to abandon this character and quit the game? (Confirm with "yes".)

#####........
.....†.......
..###.######. #
### #.# ... #.#
#...#
##.###...g.. .#
#..>........
..#
#..###...######
P.# #.w#
#...#..#@#.~.#
#..#
#...#..#Z#P..#
#..#
#......ZZP#
#..#
#.....⌠...#
#..#
#...~....P#
#..#
#...P~..P.#P..
####..#
##PPP..P.PP#
..w...#
#..P..~...#
#####.#
###.#####.#


You could see a friendly bat zombie (wandering) and 2 friendly ball python
zombies.

Vanquished Creatures
  An endoplasm (D:1)
  2 hobgoblins (D:1)
  A kobold (D:1)
  2 frilled lizards (D:1)
  A rat (D:1)
7 creatures vanquished.

Notes
Turn   | Place    | Note
-------+----------+-------------------------------------------
     0 | D:1      | mainiacjoe the Octopode Alchemist began the quest for the
                  | Orb.
     0 | D:1      | Reached XP level 1. HP: 11/11 MP: 3/3
   219 | D:1      | Reached XP level 2. HP: 17/17 MP: 1/5
   303 | D:1      | Found a faded altar of an unknown god.
   311 | D:1      | Prayed at the altar of an unknown god.
   311 | D:1      | Became a worshipper of Yredelemnul the Dark
   312 | D:1      | Quit the game

Illustrated notes

Levels and vault maps discovered:
D:1:      shiori_arrival_elements, layout_loops_ring,
          shapermc_ecumenical_altar_mp_ritualfount

Action                     || total
---------------------------++-------
  Melee: Unarmed           ||     1
   Cast: Sting             ||    10
 Armour: Skin              ||     2
  Dodge: Dodged            ||     1
